 Dungeon Crawl Stone Soup version 0.31.0-12-g77e489cdc1 (webtiles) character file.

Game seed: 773474442685995311

40574 bmo the Slayer (level 13, -9/143 HPs)
             Began as a Minotaur Berserker on Feb 17, 2024.
             Was a High Priest of Trog.
             Mangled by a death knight
             ... wielding a +2 great mace
              (13 damage)
             ... on level 14 of the Dungeon.
             The game lasted 00:24:03 (13984 turns).

bmo the Slayer (Minotaur Berserker)                Turns: 13984, Time: 00:24:03

Health: -9/143     AC: 23    Str: 26    XL:     13   Next: 75%
Magic:  12/12      EV: 13    Int:  7    God:    Trog [*****.]
Gold:   862        SH:  0    Dex: 11    Spells: 12/12 levels left

rFire   . . .        Q - +2 battleaxe (flame)
rCold   . . .        (shield currently unavailable)
rNeg    . . .        S - +3 plate armour
rPois   .            K - +1 hat
rElec   .            x - +2 cloak
rCorr   .            C - +0 pair of gloves
SInv    +            (no boots)
Will    .....        X - amulet of the acrobat Stlth
                     h - +5 ring of evasion
HPRegen 0.43/turn    w - ring of the Well-Known Beasts {Int+3 SInv}
MPRegen 0.13/turn

%: acrobat
@: brilliant
A: horns 2, retaliatory headbutt
a: Renounce Religion, Berserk, Trog's Hand, Brothers in Arms


You were on level 14 of the Dungeon.
You worshipped Trog.
Trog was extremely pleased with you.
You visited 1 branch of the dungeon, and saw 14 of its levels.

You collected 862 gold pieces.

Inventory:

Hand Weapons
 v - a +2 quarterstaff of chaos
 Q - a +2 battleaxe of flaming (weapon)
 W - a +4 antimagic lajatang
Missiles
 B - 3 throwing nets (quivered)
Armour
 e - a +0 ring mail of willpower
 x - a +2 cloak (worn)
 y - a +0 kite shield
 C - a +0 pair of gloves (worn)
 K - a +1 hat (worn)
 S - a +3 plate armour (worn)
Jewellery
 a - a ring of flight
 h - a +5 ring of evasion (left hand)
 w - the ring of the Well-Known Beasts (right hand) {Int+3 SInv}
   (You found it on level 3 of the Dungeon)

   [ring of see invisible]

   Int+3:     It affects your intelligence (+3).
   SInv:      It lets you see invisible.
 E - a ring of fire
 M - a +4 ring of protection
 P - a +6 ring of dexterity
 T - a ring of poison resistance
 X - an amulet of the acrobat (around neck)
Talismans
 s - a maw talisman
Wands
 n - a wand of paralysis (22)
 q - a wand of roots (17)
 D - a wand of digging (11)
 F - a wand of light (7)
 I - a wand of polymorph (12)
 J - a wand of flame (8)
 N - a wand of mindburst (12)
Scrolls
 b - 2 scrolls of fear {unknown}
 c - a scroll of enchant weapon {unknown}
 d - 2 scrolls of blinking {unknown}
 g - 10 scrolls of teleportation {unknown}
 i - a scroll of fog {unknown}
 j - 3 scrolls of poison {unknown}
 k - 10 scrolls of identify {unknown}
 l - 4 scrolls of immolation {unknown}
 o - a scroll of brand weapon {unknown}
 r - 2 scrolls of amnesia {unknown}
 u - a scroll of torment {unknown}
 G - 5 scrolls of silence {unknown}
 L - a scroll of enchant armour {unknown}
 U - a scroll of revelation {unknown}
Potions
 f - 3 potions of curing {unknown}
 m - 6 potions of degeneration {unknown}
 p - 3 potions of attraction {unknown}
 t - 6 potions of brilliance
 z - a potion of haste {unknown}
 A - 3 potions of mutation {unknown}
 H - 2 potions of heal wounds {unknown}
 O - a potion of might {unknown}
 R - 2 potions of lignification {unknown}
 V - 4 potions of berserk rage {unknown}


   Skills:
 + Level 21.1 Fighting
 - Level 16.0 Axes
 - Level 10.0 Armour
 - Level 2.1 Dodging
 - Level 5.0 Shields


You had 12 spell levels left.
You didn't know any spells.
Your spell library was empty.

Dungeon Overview and Level Annotations

Branches:
Dungeon (14/15)            Temple (0/1) D:7            Lair (0/5) D:11
    Orc (0/2) D:10         Vaults (0/5) D:13

Altars:
Ashenzari
Cheibriados
Dithmenos
Elyvilon
Fedhas
Gozag
Kikubaaqudgha
Okawaru
Qazlal
Sif Muna
Trog
Uskayaw
Vehumet
Wu Jian
Xom


Innate Abilities, Weirdness & Mutations

You have a pair of horns on your head.
You reflexively headbutt those who attack you in melee.


Message History

The freezing wraith closely misses you.
You slice the freezing wraith!! You burn the freezing wraith.
You destroy the freezing wraith!
Trog accepts your kill.
You slash the death knight! You burn the death knight.
The death knight is moderately wounded.
The death knight reflects your damage back at you!
The death knight hits you with a +2 great mace!!
You are too injured to fight recklessly!
You are too injured to fight recklessly!
You are too injured to fight recklessly!
You slash the death knight! You burn the death knight.
The death knight is heavily wounded.
The death knight reflects your damage back at you!
The death knight hits you but does no damage.
You closely miss the death knight. You headbutt the death knight!
The death knight is heavily wounded.
The death knight reflects your damage back at you!
* * * LOW HITPOINT WARNING * * *
You slash the death knight! You burn the death knight.
The death knight is severely wounded.
The death knight reflects your damage back at you!
* * * LOW HITPOINT WARNING * * *
The death knight's dark mirror aura disappears.
The death knight closely misses you.
You closely miss the death knight. You headbutt the death knight.
The death knight is severely wounded.
The death knight hits you with a +2 great mace!!
* * * LOW HITPOINT WARNING * * *
You barely miss the death knight. Your headbutt misses the death knight.
The death knight is severely wounded.
The death knight hits you with a +2 great mace!
* * * LOW HITPOINT WARNING * * *
The death knight attacks as it pursues you!
The death knight hits you with a +2 great mace.
* * * LOW HITPOINT WARNING * * *
It was a potion of brilliance.
You feel clever all of a sudden.
The death knight hits you with a +2 great mace!
You die...

...#.#.#............
..#.#.#.#......##..
..#.'^#............
..#.#.#...)........
#.#.#.'.#..........
#.#.###............
#.#..........<.....
#p#†.#.............
#.@..#.#######...[†
#....#.#.....#.##(.
####...#.#####.....
####.##........
#####.....#.....##.
#...#.....#........
#...#.....'))......
#...####..#).......
#......####........


You could see a death knight.

Vanquished Creatures
  Jorgrun (D:13)
  Kirke (D:13)
  An ironbound thunderhulk (D:13)
  Josephine (D:12)
  Harold (D:10)
  A vault guard (D:13)
  Erolcha (D:13)
  A hydra (D:12)
  Erica (D:11)
  4 two-headed ogres
  A boulder beetle (D:11)
  A tengu warrior (D:14)
  A centaur warrior (D:12)
  Urug (D:11)
  3 skeletal warriors (D:11)
  An orc knight (D:11)
  An ugly thing (D:12)
  3 manticores
  5 cyclopes
  3 meliai (D:14)
  3 gargoyles (D:12)
  2 unseen horrors
  A komodo dragon (D:12)
  8 kobold demonologists
  4 freezing wraiths
  6 trolls
  A queen bee (shapeshifter) (D:13)
  A hornet (D:7)
  Sigmund (D:2)
  5 slime creatures (D:14)
  A culicivora (shapeshifter) (D:13)
  2 vampires
  4 shadows
  4 wraiths (D:12)
  31 yaks
  3 wyverns
  Eustachio (D:6)
  2 humans (D:13)
  6 wargs (D:11)
  5 hogs (D:13)
  8 vampire mosquitoes
  Menkaure (D:7)
  An acid dragon (D:13)
  2 water moccasins
  A hell hound (D:11)
  6 orc warriors
  2 ice beasts
  2 laughing skulls (D:13)
  3 sky beasts
  2 ogres
  2 centaurs
  A phantom (D:5)
  16 kobold brigands
  A bullfrog (D:6)
  5 gnoll sergeants
  2 scorpions
  5 wights (D:8)
  12 howler monkeys
  3 bombardier beetles
  A jelly (D:7)
  13 orc priests
  Crazy Yiuf (D:2)
  2 hounds
  2 sleepcaps (D:6)
  5 gnoll boudas
  4 iguanas
  Natasha (thrice) (D:4)
  9 orc wizards
  A mummy (D:6)
  Robin (D:4)
  14 gnolls
  10 adders
  2 white imps (D:7)
  6 ufetubi
  3 ribbon worms
  4 dart slugs
  41 orcs
  12 ball pythons
  5 endoplasms
  2 giant cockroaches (D:1)
  12 goblins
  7 hobgoblins
  5 jackals (D:1)
  22 kobolds
  2 quokkas (D:5)
  9 bats
  3 frilled lizards
  3 hobgoblin zombies (D:6)
  A kobold zombie (D:6)
  3 rats
407 creatures vanquished.

Vanquished Creatures (collateral kills)
  An ugly thing (D:11)
1 creature vanquished.

Vanquished Creatures (others)
  A scorpion (D:4)
  An iguana (D:4)
  An orc (D:4)
  A kobold (D:11)
4 creatures vanquished.

Grand Total: 412 creatures vanquished

Notes
Turn   | Place    | Note
-------+----------+-------------------------------------------
     0 | D:1      | bmo the Minotaur Berserker began the quest for the Orb.
     0 | D:1      | Reached XP level 1. HP: 19/19 MP: 0/0
   156 | D:1      | Reached XP level 2. HP: 22/27 MP: 1/1
   230 | D:1      | Reached skill level 4 in Fighting
   525 | D:1      | Reached XP level 3. HP: 33/33 MP: 2/2
   922 | D:2      | Noticed Sigmund
   923 | D:2      | Reached skill level 5 in Axes
   927 | D:2      | Killed Sigmund
   928 | D:2      | Reached skill level 5 in Fighting
   928 | D:2      | Reached XP level 4. HP: 42/42 MP: 3/3
   928 | D:2      | Reached XP level 5. HP: 48/48 MP: 4/4
   961 | D:2      | Found a runed translucent door.
   962 | D:2      | Noticed Crazy Yiuf
  1069 | D:2      | Found a broken altar of Ashenzari.
  1103 | D:2      | Found a faded altar of an unknown god.
  1114 | D:2      | Reached ** piety under Trog
  1438 | D:2      | Killed Crazy Yiuf
  1495 | D:3      | Reached XP level 6. HP: 56/56 MP: 5/5
  1661 | D:3      | Identified the ring of the Well-Known Beasts {Int+3 SInv}
  1720 | D:3      | Found an ancient bone altar of Kikubaaqudgha.
  1845 | D:3      | Noticed a water moccasin
  1855 | D:3      | Killed a water moccasin
  1856 | D:3      | Reached skill level 6 in Fighting
  1894 | D:3      | Found a blossoming altar of Fedhas.
  1899 | D:3      | Found a stormy altar of Qazlal.
  1995 | D:3      | Reached XP level 7. HP: 63/63 MP: 6/6
  2307 | D:4      | Found a hide-covered altar of Uskayaw.
  2344 | D:4      | Noticed Robin
  2359 | D:4      | Killed Robin
  2591 | D:4      | Reached skill level 1 in Shields
  2593 | D:4      | Reached *** piety under Trog
  2706 | D:4      | Noticed Natasha
  2710 | D:4      | Killed Natasha
  2812 | D:4      | Noticed Natasha
  2817 | D:4      | Killed Natasha
  2828 | D:4      | Noticed Natasha
  2835 | D:4      | Killed Natasha
  3031 | D:4      | Found a shimmering altar of Xom.
  3043 | D:4      | Reached skill level 7 in Fighting
  3069 | D:4      | Reached XP level 8. HP: 73/73 MP: 7/7
  3369 | D:5      | Entered Level 5 of the Dungeon
  3591 | D:5      | Found an iron altar of Okawaru.
  3690 | D:5      | Found a radiant altar of Vehumet.
  3690 | D:5      | Found a shadowy altar of Dithmenos.
  3832 | D:5      | Reached **** piety under Trog
  4233 | D:5      | Found a white marble altar of Elyvilon.
  4514 | D:6      | Reached skill level 10 in Axes
  4825 | D:6      | Noticed Eustachio
  4833 | D:6      | Killed Eustachio
  4834 | D:6      | Reached skill level 5 in Armour
  4887 | D:6      | Found a bloodstained altar of Trog.
  4891 | D:6      | Found a shimmering blue altar of Sif Muna.
  4936 | D:6      | Reached skill level 8 in Fighting
  5153 | D:6      | Reached XP level 9. HP: 81/81 MP: 8/8
  5545 | D:7      | Noticed Menkaure
  5552 | D:7      | Killed Menkaure
  5553 | D:7      | Reached skill level 5 in Shields
  5881 | D:7      | Found an opulent altar of Gozag.
  6024 | D:7      | Found a staircase to the Ecumenical Temple.
  6201 | D:8      | Reached skill level 9 in Fighting
  6429 | D:8      | Found an ornate altar of the Wu Jian Council.
  6783 | D:9      | Reached XP level 10. HP: 60/93 MP: 9/9
  6784 | D:9      | Reached skill level 10 in Fighting
  7038 | D:9      | Found a snail-covered altar of Cheibriados.
  7355 | D:9      | Found a broken altar of Ashenzari.
  7478 | D:10     | Entered Level 10 of the Dungeon
  7760 | D:10     | Noticed a two-headed ogre
  7772 | D:10     | Killed a two-headed ogre
  7835 | D:10     | Reached skill level 11 in Fighting
  7844 | D:10     | Reached skill level 15 in Axes
  7960 | D:10     | Noticed a two-headed ogre
  7968 | D:10     | Killed a two-headed ogre
  8072 | D:10     | Noticed Harold
  8085 | D:10     | Killed Harold
  8086 | D:10     | Reached XP level 11. HP: 102/102 MP: 10/10
  8184 | D:10     | Found a staircase to the Orcish Mines.
  8577 | D:11     | Noticed a two-headed ogre
  8672 | D:10     | Killed a two-headed ogre
  8734 | D:11     | Noticed a boulder beetle
  8767 | D:11     | Killed a boulder beetle
  8772 | D:11     | Noticed a skeletal warrior
  8775 | D:11     | Noticed a skeletal warrior
  8776 | D:11     | Noticed a skeletal warrior
  8787 | D:11     | Killed a skeletal warrior
  8794 | D:11     | Killed a skeletal warrior
  8795 | D:11     | Reached skill level 12 in Fighting
  8797 | D:11     | Killed a skeletal warrior
  8798 | D:11     | Noticed Urug
  8969 | D:11     | Noticed a two-headed ogre
  8980 | D:11     | Killed a two-headed ogre
  9182 | D:11     | Reached ***** piety under Trog
  9190 | D:11     | Noticed a soul eater
  9200 | D:11     | Noticed an orc knight
  9205 | D:11     | Reached skill level 13 in Fighting
  9213 | D:11     | Killed an orc knight
  9281 | D:11     | Killed Urug
  9282 | D:11     | Reached skill level 10 in Armour
  9492 | D:11     | Reached XP level 12. HP: 106/116 MP: 11/11
  9571 | D:11     | Reached skill level 14 in Fighting
  9790 | D:11     | Found a staircase to the Lair.
 10074 | D:11     | Noticed Erica
 10084 | D:11     | Killed Erica
 10085 | D:11     | Reached skill level 15 in Fighting
 10332 | D:11     | Reached skill level 16 in Fighting
 10887 | D:12     | Noticed Josephine
 10897 | D:12     | Reached skill level 17 in Fighting
 10898 | D:12     | Killed Josephine
 11367 | D:12     | Reached skill level 18 in Fighting
 11538 | D:12     | Noticed an eight-headed hydra
 11549 | D:12     | Killed a six-headed hydra
 11550 | D:12     | Reached XP level 13. HP: 109/134 MP: 12/12
 12138 | D:13     | Noticed Kirke
 12147 | D:13     | Killed Kirke
 12148 | D:13     | Reached skill level 19 in Fighting
 12209 | D:13     | Noticed Jorgrun
 12217 | D:13     | Killed Jorgrun
 12576 | D:13     | Received a gift from Trog
 12729 | D:13     | Noticed Erolcha
 12736 | D:13     | Killed Erolcha
 12809 | D:13     | Identified the +10 dire flail of the Leaping Wasp {freeze,
                  | rPois rN+}
 12931 | D:13     | Noticed an ironbound thunderhulk
 12941 | D:13     | Killed an ironbound thunderhulk
 12942 | D:13     | Reached skill level 20 in Fighting
 12982 | D:13     | Found a gate to the Vaults.
 13963 | D:14     | Reached skill level 21 in Fighting
 13982 | D:14     | HP: 5/143 [death knight/+2 great mace (11)]
 13984 | D:14     | Mangled by a death knight

Illustrated notes

Levels and vault maps discovered:
D:1:      dpeg_arrival_arbitrary_c, layout_loops_ring, minmay_box_of_dots
D:2:      layout_basic, basic_altar, basic_ecumenical_altar,
          minmay_tromino_mix6, uniq_crazy_yiuf_cottage, uniq_sigmund
D:3:      layout_basic, grunt_temple_overflow_forces_of_nature,
          mainiacjoe_overflow_tiny_flanked, kennysheep_doodads,
          minmay_misc_feat_more_columns
D:4:      layout_loops_ring, xom_confusion_cloud, mainiacjoe_overflow_catwalk,
          kennysheep_opposing_triangles, uniq_robin, uniq_natasha
D:5:      layout_loops_cross, nicolae_elyvilon_temple_path,
          okawaru_metal_pillars_1_2, gammafunk_temple_overflow_wave
D:6:      layout_gridville, hellmonk_overflow_destroyed_library,
          minmay_misc_feat_x, minmay_mini_ossuary, uniq_eustachio
D:7:      layout_basic, nicolae_gozag_cash_rules_everything_around_me,
          minmay_temple_entry_glassed_door, hex_intersection, uniq_menkaure
D:8:      layout_rooms, nzn_wu_jian_council_hall, minmay_misc_feat_pillars,
          amcnicky_mini_rare_corridor_liquid
D:9:      layout_basic, slow_altar_2, mainiacjoe_overflow_alcove_2
D:10:     layout_irregular_city, orc_0_dummy, serial_bayou_pond_c,
          grunt_decor_cap, minmay_misc_feat_doors, grunt_decor_clamped,
          uniq_harold
D:11:     lemuel_castle_with_subvaults [lemuel_castle_interior_carwin_3],
          layout_irregular_city, lair_entry_dummy, uniq_urug, uniq_erica
D:12:     layout_loops_cross, serial_glass, glass_columns_a, glass_columns_b,
          glass_columns_c, glass_columns_a, minmay_shattered_shrine,
          uniq_josephine
D:13:     layout_roguey, hellmonk_vaults_keyhole, gauntlet_entry_generic,
          uniq_jorgrun, uniq_erolcha, uniq_kirke
D:14:     layout_stronghold

Skill      XL: |  1  2  3  4  5  6  7  8  9 10 11 12 13 |
---------------+----------------------------------------+-----
Axes           | 4 6 7 8 9 10 13 15 16 | 16.0
Fighting       | 4 5 6 7 8 9 11 13 18 21 | 21.1
Shields        | 2 4 5 |  5.0
Armour         | 3 5 7 10 | 10.0
Dodging        | |  2.1

Action                     |  1- 3 |  4- 6 |  7- 9 | 10-12 | 13-15 || total
---------------------------+-------+-------+-------+-------+-------++-------
  Melee: Hand axe          |    71 |    60 |    22 |       |       ||   153
         Headbutt          |     4 |    10 |    43 |   101 |    31 ||   189
         Punch             |       |     1 |     1 |       |       ||     2
         War axe           |       |       |   265 |   244 |       ||   509
         Broad axe         |       |       |       |   257 |       ||   257
         Battleaxe         |       |       |       |     2 |   148 ||   150
 Invoke: Berserk           |     1 |     2 |     3 |    10 |     3 ||    19
         Trog's Hand       |       |     1 |     2 |     4 |     3 ||    10
         Brothers in Arms  |       |       |       |     2 |       ||     2
    Use: Potion            |       |       |       |       |     1 ||     1
 Armour: Ring mail         |    47 |    18 |   135 |     5 |       ||   205
         Animal skin       |     2 |       |       |       |       ||     2
         Plate armour      |       |       |       |   293 |   137 ||   430
  Dodge: Dodged            |    60 |    66 |   173 |   197 |    98 ||   594
  Block: Kite shield       |       |       |   102 |   211 |       ||   313
